 Dungeon Crawl Stone Soup version 0.27-a0-343-gfcad680f63 (webtiles) character file.

Game seed: 6708095454004671887

12546 jestyr24 the Cleaver (level 11, -4/153 HPs)
             Began as a Minotaur Berserker on Feb 15, 2021.
             Was a High Priest of Trog.
             Slain by Jorgrun
             ... wielding a +0 vorpal quarterstaff
              (13 damage)
             ... on level 12 of the Dungeon.
             The game lasted 00:55:22 (9435 turns).

jestyr24 the Cleaver (Minotaur Berserker)           Turns: 9435, Time: 00:55:24

Health: -4/153     AC: 17    Str: 25    XL:     11   Next: 63%
Magic:  10/10      EV:  7    Int:  4    God:    Trog [*****.]
Gold:   608        SH:  4    Dex: 10    Spells: 10/10 levels left

rFire    . . .     SeeInvis +   a - +0 war axe (drain)
rCold    . . .     Faith    .   u - +0 buckler
rNeg     . . .     Spirit   .   o - +1 chain mail {Will+}
rPois    .         Reflect  .   (helmet restricted)
rElec    .         Harm     .   n - +0 cloak
rCorr    +         Rampage  .   G - +2 pair of gloves
Will     +....                  (no boots)
Stlth    ..........             (no amulet)
HPRegen  0.35/turn              p - ring of see invisible
MPRegen  0.12/turn              K - ring of resist corrosion

@: berserking (expiring), grasped by roots, constricted, very quick
A: retaliatory headbutt, horns 2
a: Renounce Religion, Berserk, Trog's Hand, Brothers in Arms


You were on level 12 of the Dungeon.
You worshipped Trog.
Trog was extremely pleased with you.
You visited 1 branch of the dungeon, and saw 11 of its levels.
You also visited: Ice Cave.

You collected 608 gold pieces.

Inventory:

Hand Weapons
 a - a +0 war axe of draining (weapon)
 b - a +1 vorpal hunting sling
 h - a +4 dagger
 r - a +1 short sword of protection
 x - a +2 flail of holy wrath
Missiles
 f - 462 stones
 i - 8 silver boomerangs
 s - 3 javelins
 v - 3 curare-tipped darts
 w - 54 poisoned darts
 J - 9 boomerangs
Armour
 n - a +0 cloak (worn)
 o - a +1 chain mail of willpower (worn)
 u - a +0 buckler (worn)
 D - a +1 leather armour of cold resistance
 G - a +2 pair of gloves (worn)
Jewellery
 p - a ring of see invisible (left hand)
 E - a ring of ice
 K - a ring of resist corrosion (right hand)
Wands
 m - a wand of charming (7)
 q - a wand of flame (39)
 A - a wand of iceblast (7)
 B - a wand of digging (8)
Scrolls
 d - 18 scrolls of identify
 e - 6 scrolls of magic mapping
 g - a scroll of teleportation
 k - 3 scrolls of enchant weapon
 t - 2 scrolls of fear {unknown}
 y - a scroll of vulnerability {unknown}
 M - a scroll of fog {unknown}
Potions
 c - 5 potions of heal wounds
 j - 3 potions of ambrosia
 l - 5 potions of curing
 z - a potion of resistance
 C - 2 potions of berserk rage
 F - a potion of flight {unknown}
 H - a potion of magic
 L - a potion of might
Miscellaneous
 I - a phantom mirror


   Skills:
 * Level 11.2 Fighting
 * Level 14.1 Axes
 + Level 5.9 Slings
 + Level 10.5 Armour
 + Level 4.0 Dodging
 + Level 4.4 Shields


You had 10 spell levels left.
You didn't know any spells.
Your spell library contained the following spells:

 Spells                   Type           Power        Failure   Level
 Cause Fear               Hex            0%           100%        4
 Silence                  Hex/Air        0%           100%        5
 Yara's Violent Unravell  Hex/Tmut       0%           100%        5
 Discord                  Hex            0%           100%        8


Dungeon Overview and Level Annotations

Branches:
Dungeon (12/15)            Temple (0/1) D:6            Lair (0/6) D:10
  IceCv (visited)
    Orc: D:9-12

Altars:
Cheibriados
Dithmenos
Hepliaklqana
Nemelex Xobeh
Ru
Trog
Wu Jian
Xom
Yredelemnul

Shops:
D:4 !   D:6 !   D:10 [   D:11 (

Annotations:
D:12 Jorgrun


Innate Abilities, Weirdness & Mutations

You reflexively headbutt those who attack you in melee.
You have a pair of horns on your head.


Message History

You hit Jorgrun. You headbutt Jorgrun.
Jorgrun is moderately wounded.
The centaur shoots an arrow.
You block the arrow.
You hit Jorgrun. You headbutt Jorgrun!
Jorgrun is heavily wounded.
Jorgrun hits you with a +0 vorpal quarterstaff!
* * * LOW HITPOINT WARNING * * *
x2 You slash Jorgrun!
You drain Jorgrun. You headbutt Jorgrun.
Jorgrun is severely wounded.
You closely miss Jorgrun. Your headbutt misses Jorgrun.
Jorgrun is severely wounded.
Jorgrun hits you with a +0 vorpal quarterstaff!
* * * LOW HITPOINT WARNING * * *
x2 The centaur shoots an arrow.
The arrow closely misses you.
The centaur wields a +0 shortbow.
The centaur shoots an arrow.
The arrow closely misses you.
You are too berserk!
You slash Jorgrun!
Jorgrun is severely wounded.
You closely miss Jorgrun. Your headbutt misses Jorgrun.
Jorgrun is severely wounded.
The centaur shoots an arrow.
The arrow hits you but does no damage. Jorgrun completely misses you.
You miss Jorgrun.
Jorgrun is severely wounded.
The centaur shoots an arrow.
The arrow hits you but does no damage.
The centaur shoots an arrow.
The arrow barely misses you.
You closely miss Jorgrun.
Jorgrun is severely wounded.
You block Jorgrun's attack.
The centaur shoots an arrow.
The arrow barely misses you.
You closely miss Jorgrun.
Jorgrun is severely wounded.
You miss Jorgrun.
Jorgrun is severely wounded.
The centaur shoots an arrow.
The arrow hits you but does no damage. Jorgrun casts a spell at you.
Roots burst forth from the earth!
The grasping roots grab you!
You die...

#......# #......# .##
#......# .... #......#
#..... #.>....# #.....
########......# #.....
#........g....# #.....
#.........@.c.# #.....
#...........c.'... #.....
#.............########.....
#.^........................
#..........................
#.......########.....#####.
#.......#......#.........#.
#.......#.......#.#.#.#.#.#
#.......#......#.#.#.#.#.#.


You could see Jorgrun (drained) and 2 centaurs.

Vanquished Creatures
  3 two-headed ogres
  2 manticores
  4 ugly things
  A cyclops (D:12)
  2 ice statues (IceCv)
  A gargoyle (D:11)
  A komodo dragon (D:10)
  2 rime drakes (D:11)
  2 hornets
  2 wyverns (D:11)
  A wraith (D:12)
  A basilisk (D:11)
  Eustachio (D:4)
  A necrophage (D:7)
  10 ice beasts
  2 sky beasts
  A black bear (D:7)
  5 orc warriors
  5 ogres
  6 centaurs
  3 phantoms
  3 kobold brigands
  A wyvern zombie (D:11)
  6 bullfrogs
  A scorpion (D:12)
  9 killer bees (D:11)
  3 howler monkeys
  2 bullfrog zombies
  2 hounds
  A jelly (D:7)
  7 orc priests
  3 centaur skeletons
  5 orc wizards
  7 worker ants
  2 hound zombies (D:11)
  A worker ant zombie (D:6)
  4 gnolls (D:7)
  3 adders
  A shadow imp (D:6)
  2 white imps
  An ufetubus (D:6)
  An ooze (D:4)
  2 adder skeletons
  4 worms
  2 dart slugs
  2 leopard geckos (D:2)
  19 orcs
  A ball python (D:2)
  13 bats
  2 giant cockroaches (D:1)
  8 goblins
  7 hobgoblins
  5 jackals
  21 kobolds
  5 quokkas
  5 frilled lizards
  9 rats
226 creatures vanquished.

Vanquished Creatures (others)
  33 plants (D:10)
33 creatures vanquished.

Grand Total: 259 creatures vanquished

Notes
Turn   | Place    | Note
-------+----------+-------------------------------------------
     0 | D:1      | jestyr24 the Minotaur Berserker began the quest for the
                  | Orb.
     0 | D:1      | Reached XP level 1. HP: 19/19 MP: 0/0
   471 | D:1      | Reached XP level 2. HP: 27/27 MP: 1/1
  1096 | D:2      | Reached ** piety under Trog
  1123 | D:2      | Reached XP level 3. HP: 33/34 MP: 2/2
  1476 | D:2      | Found a hazy altar of Hepliaklqana.
  1516 | D:2      | Found a bloodstained altar of Trog.
  1521 | D:2      | Reached XP level 4. HP: 41/41 MP: 3/3
  1805 | D:2      | Reached skill level 5 in Fighting
  1832 | D:2      | Found an ornate altar of the Wu Jian Council.
  1906 | D:2      | Found a snail-covered altar of Cheibriados.
  2067 | D:3      | Reached *** piety under Trog
  2110 | D:3      | Reached skill level 1 in Slings
  2174 | D:3      | Found a sacrificial altar of Ru.
  2670 | D:4      | Reached XP level 5. HP: 48/48 MP: 4/4
  2685 | D:4      | Noticed Eustachio
  2701 | D:4      | Killed Eustachio
  2702 | D:4      | Reached XP level 6. HP: 50/56 MP: 5/5
  2891 | D:4      | Found Hiklid Qua's Distillery.
  3477 | D:4      | Found a stormy altar of Qazlal.
  3479 | D:4      | Found a sparkling altar of Nemelex Xobeh.
  3479 | D:4      | Found a shimmering altar of Xom.
  3481 | D:4      | Found a radiant altar of Vehumet.
  3481 | D:4      | Found a shadowy altar of Dithmenos.
  3481 | D:4      | Found a shimmering altar of Xom.
  3525 | D:5      | Entered Level 5 of the Dungeon
  3965 | D:5      | Noticed an ice beast
  3985 | D:5      | Killed an ice beast
  3986 | D:5      | Reached skill level 5 in Armour
  4476 | D:6      | Reached skill level 5 in Slings
  4476 | D:6      | Reached XP level 7. HP: 53/62 MP: 6/6
  4501 | D:6      | Found a sparkling altar of Nemelex Xobeh.
  4510 | D:6      | Found Juxe's Distillery.
  5119 | D:6      | Reached XP level 8. HP: 71/71 MP: 7/7
  5125 | D:6      | Reached skill level 4 in Axes
  5300 | D:6      | Found a staircase to the Ecumenical Temple.
  5398 | D:6      | Reached **** piety under Trog
  5618 | D:7      | Reached skill level 5 in Axes
  5674 | D:7      | Noticed a hornet
  5685 | D:7      | Killed a hornet
  5686 | D:7      | Reached skill level 6 in Axes
  5851 | D:7      | Reached skill level 7 in Axes
  5851 | D:7      | Reached XP level 9. HP: 76/80 MP: 8/8
  6333 | D:8      | Found a basalt altar of Yredelemnul.
  6369 | D:8      | You fall into a shaft and drop 2 floors!
  6369 | D:10     | Entered Level 10 of the Dungeon
  6378 | D:10     | Reached skill level 8 in Axes
  6412 | D:10     | Noticed a manticore
  6420 | D:10     | Killed a manticore
  6421 | D:10     | Reached skill level 9 in Axes
  6455 | D:10     | Reached skill level 1 in Shields
  6493 | D:10     | Found a staircase to the Lair.
  6493 | D:10     | Noticed a komodo dragon
  6507 | D:10     | Killed a komodo dragon
  6964 | D:10     | Noticed a two-headed ogre
  6971 | D:10     | Killed a two-headed ogre
  6972 | D:10     | Reached skill level 10 in Axes
  6972 | D:10     | Reached XP level 10. HP: 73/90 MP: 9/9
  7076 | D:10     | Noticed a two-headed ogre
  7091 | D:10     | Killed a two-headed ogre
  7092 | D:10     | Found Nekkame's Armour Emporium.
  7565 | D:11     | Noticed a purple ugly thing
  7570 | D:11     | Reached skill level 11 in Axes
  7572 | D:11     | Reached ***** piety under Trog
  7579 | D:11     | Killed a purple ugly thing
  7580 | D:11     | Reached skill level 10 in Armour
  7593 | D:10     | HP: 4/92 [poisoned by kobold brigand (curare-tipped dart)]
  7956 | D:11     | Found a frozen archway.
  7963 | IceCv    | Entered an ice cave
  7963 | IceCv    | Noticed a white ugly thing
  7972 | IceCv    | Reached skill level 10 in Fighting
  7975 | IceCv    | Reached skill level 12 in Axes
  7978 | IceCv    | Killed a white ugly thing
  7982 | IceCv    | Found a transporter.
  8131 | IceCv    | Noticed an ice statue
  8131 | IceCv    | Noticed a white ugly thing
  8131 | IceCv    | Noticed an ice statue
  8132 | IceCv    | Found a transporter.
  8137 | IceCv    | Killed a white ugly thing
  8138 | IceCv    | Reached XP level 11. HP: 101/101 MP: 10/10
  8429 | D:11     | Noticed a two-headed ogre
  8436 | D:11     | Killed a two-headed ogre
  8437 | D:11     | Reached skill level 13 in Axes
  8450 | D:11     | Noticed a purple ugly thing
  8465 | D:11     | Killed a purple ugly thing
  8469 | D:11     | Found Azuorawk's Antique Weapon Emporium.
  9251 | D:12     | Paralysed by a hornet for 1 turns
  9254 | D:12     | Paralysed by a hornet for 1 turns
  9281 | D:12     | Reached skill level 14 in Axes
  9406 | D:12     | Noticed Jorgrun
  9435 | D:12     | Slain by Jorgrun

Illustrated notes

Levels and vault maps discovered:
D:1:      dpeg_arrival_lava_temple_mockup, layout_loops_ring,
          kennysheep_minor_cross
D:2:      layout_basic, bloody_trog, pdpol_wu_jian_five_deadly_venoms,
          lemuel_doored_altar, kennysheep_slug_shrine, minmay_pentomino_v2
D:3:      layout_basic, lemuel_coloured_pillars_altar
D:4:      layout_loops_corners, doesnt_xom_only_xom, serial_shops,
          nicolae_shop_behind_doors, uniq_eustachio
D:5:      layout_basic
D:6:      layout_rooms, nemelex_xobeh_ov_fountains_minmay,
          minmay_temple_entry_wispy, serial_shops, shop
D:7:      layout_rooms
D:8:      minmay_curly_fans, layout_rooms, yredelemnul_altar_generic,
          uniq_prince_ribbit1, uniq_joseph
D:10:     layout_rooms, david_lair_shrubbed, serial_shops,
          nicolae_shop_behind_doors
D:11:     layout_cave_pools, portal_ice_cave_rime, gauntlet_entry_generic,
          serial_shops, shop, grunt_ministairs_8
D:12:     layout_irregular_city, enter_bailey_2, minivault_26, minivault_23,
          tgw_lugonu_bribe, uniq_jorgrun, uniq_snorg

Skill      XL: |  1  2  3  4  5  6  7  8  9 10 11 |
---------------+----------------------------------+-----
Fighting       | 4 5 6 7 8 10 11 | 11.2
Armour         | 3 4 5 7 8 9 10 | 10.5
Slings         | 2 3 5 |  5.9
Dodging        | 3 4 |  4.0
Axes           | 7 10 12 14 | 14.1
Shields        | 1 3 4 |  4.4

Action                   |  1- 3 |  4- 6 |  7- 9 | 10-12 || total
-------------------------+-------+-------+-------+-------++-------
Melee: Hand axe          |    30 |       |       |       ||    30
       Headbutt          |    10 |    13 |    45 |    63 ||   131
       Dagger            |    45 |    67 |    43 |       ||   155
       War axe           |       |       |   133 |   230 ||   363
 Fire: Hunting sling     |    19 |    54 |       |       ||    73
Invok: Berserk           |     1 |       |     4 |     6 ||    11
  Use: Potion            |       |    11 |       |     1 ||    12
       Scroll            |       |     8 |       |     1 ||     9
Armor: Animal skin       |     5 |       |       |       ||     5
       Chain mail        |    75 |    48 |   101 |   127 ||   351
Dodge: Dodged            |    58 |    41 |    86 |   116 ||   301
Block: Buckler           |       |       |    10 |    51 ||    61

Table legend: (Time is in decaauts)
 A = Elapsed time spent in this place.
 B = Non-inter-level travel time spent in this place.
 C = Inter-level travel time spent in this place.
 D = Time resting spent in this place.
 E = Time spent auto-exploring this place.
 F = Levels seen in this place.
 G = Mean time per level.
                   A        B        C        D        E       F      G
               +--------+--------+--------+--------+--------+-----+--------+
         Total |   9531 |   9323 |    208 |   2403 |   4192 |  12 |  794.2 |
       Dungeon |   9107 |   8899 |    208 |   2101 |   4192 |  11 |  827.9 |
      Ice Cave |    424 |    424 |      0 |    301 |      0 |   1 |  424.0 |
               +--------+--------+--------+--------+--------+-----+--------+

Top non-repeatable levels by time:
    D:10: 1561 daAuts
     D:6: 1164 daAuts
     D:1: 1096 daAuts
     D:5: 931 daAuts
    D:11: 916 daAuts
     D:2: 879 daAuts
     D:4: 867 daAuts
     D:7: 750 daAuts
     D:3: 691 daAuts
   IceCv: 424 daAuts
    D:12: 212 daAuts
     D:8: 36 daAuts
